 Dungeon Crawl Stone Soup version 0.28.0-53-g5a82cb258f (webtiles) character file.

Game seed: 6948316888024611988

1327 dranuc9 the Destroyer (level 8, -5/41 HPs)
             Began as a Deep Elf Conjurer on July 4, 2022.
             Slain by a troll (8 damage)
             ... on level 5 of the Dungeon.
             The game lasted 00:53:03 (6602 turns).

dranuc9 the Destroyer (Deep Elf Conjurer)           Turns: 6602, Time: 00:53:04

Health: -5/41      AC:  3    Str:  4    XL:     8   Next: 34%
Magic:  19/19      EV: 13    Int: 26    God:
Gold:   311        SH:  5    Dex: 13    Spells: 12/20 levels left

rFire   + . .      SeeInvis .   s - staff of fire
rCold   . . .      Faith    .   (no shield)
rNeg    . . .      Spirit   .   a - +0 robe
rPois   +          Reflect  +   (no helmet)
rElec   .          Harm     .   (no cloak)
rCorr   .          Rampage  .   (no gloves)
Will    .....                   f - +0 pair of boots
Stlth   +++.......              y - amulet of reflection
HPRegen 0.13/turn               x - ring of poison resistance
MPRegen 0.16/turn               (no ring)

@: no status effects
A: no striking features
a: no special abilities


You were on level 5 of the Dungeon.
You visited 2 branches of the dungeon, and saw 7 of its levels.

You collected 311 gold pieces.

Inventory:

Hand Weapons
 p - a +0 short sword
Missiles
 g - 132 arrows
 h - 13 poisoned darts (quivered)
 A - a throwing net
Armour
 a - a +0 robe (worn)
 f - a +0 pair of boots (worn)
Magical Staves
 s - a staff of fire (weapon)
 v - a staff of poison
Jewellery
 x - a ring of poison resistance (left hand)
 y - an amulet of reflection (around neck)
Wands
 k - a wand of charming (6)
 q - a wand of iceblast (10)
 w - a wand of mindburst (15)
Scrolls
 b - 2 scrolls of enchant weapon {unknown}
 c - 2 scrolls of amnesia {unknown}
 d - 5 scrolls of teleportation {unknown}
 e - 3 scrolls of immolation
 i - a scroll of fog {unknown}
 j - a scroll of blinking {unknown}
 m - a scroll of noise {unknown}
 n - a scroll of magic mapping {unknown}
 o - a scroll of holy word {unknown}
Potions
 l - 4 potions of might {unknown}
 r - a potion of lignification {unknown}
 t - a potion of attraction {unknown}
 u - 2 potions of magic {unknown}
 z - a potion of ambrosia {unknown}


   Skills:
 * Level 2.2 Staves
 * Level 3.8 Dodging
 * Level 4.8 Stealth
 + Level 0.1 Shields
 + Level 6.5 Spellcasting
 * Level 8.2 Conjurations
 * Level 3.3 Hexes
 * Level 2.6 Fire Magic
 * Level 2.1 Evocations


You had 12 spell levels left.
You knew the following spells:

 Your Spells              Type           Power      Damage    Failure   Level
a - Magic Dart            Conj           100%       1d8       1%          1
b - Searing Ray           Conj           100%       2d8       1%          2
c - Fulminant Prism       Conj/Hex       19%        3d11      6%          4
d - Foxfire               Conj/Fire      100%       2x1d9     1%          1

Your spell library contained the following spells:

 Spells                   Type           Power      Damage    Failure   Level
 Dazzling Flash           Conj/Hex       76%        N/A       1%          3
 Apportation              Tloc           16%        N/A       7%          1
 Sublimation of Blood     Necr           8%         N/A       10%         2
 Wereblood                Tmut           8%         N/A       10%         2
 Iskenderun's Mystic Bla  Conj/Tloc      29%        2d7       12%         4
 Starburst                Conj/Fire      26%        6d8       73%         6
 Alistair's Intoxication  Tmut/Pois      5%         N/A       88%         5
 Malign Gateway           Summ/Tloc      4%         N/A       100%        7
 Summon Hydra             Summ           4%         N/A       100%        7


Dungeon Overview and Level Annotations

Branches:
Dungeon (6/15)             Temple (1/1) D:5

Altars:
Ashenzari
Cheibriados
Dithmenos
Elyvilon
Fedhas
Gozag
Hepliaklqana
Kikubaaqudgha
Makhleb
Nemelex Xobeh
Okawaru
Qazlal
Ru
Trog
Uskayaw
Vehumet
Wu Jian
Xom
Yredelemnul
Zin
The Shining One

Shops:
D:2 =   D:3 *!


Message History

Your fulminant prism crackles loudly.
The troll bites your fulminant prism!
Your fulminant prism explodes!
The blast of energy engulfs the troll.
The troll is lightly wounded.
The sky beast flickers out of sight!
Deactivating autopickup; reactivate with Ctrl-A.
A sky beast appears from thin air!
Reactivating autopickup.
The sky beast flickers out of sight!
Deactivating autopickup; reactivate with Ctrl-A.
A jelly comes into view.
An ice beast comes into view.
You see here 26 stones.
A sky beast appears from thin air!
Reactivating autopickup.
The troll barely misses you. The troll claws you. x2
There is a stone staircase leading up here.
The troll completely misses you. x2; The troll claws you.
You climb upwards.
There is a stone staircase leading down here.
There is a stone staircase leading up here.
The troll bites you! The troll claws you!
* * * LOW HITPOINT WARNING * * *
The troll closely misses you.
You climb upwards.
There is a stone staircase leading down here.
Aiming: Charm
Press: ? - help, Q - select action, (/) - cycle Shift-Dir - straight line, f - troll
Aim: a troll (chance to affect: 54%)
The troll is charmed.
There is a stone staircase leading up here.
There is a stone staircase leading down here.
You climb downwards.
There is a stone staircase leading up, spattered with blood here.
You start resting.
Your troll smiles at you.
Magic restored.
The troll is no longer charmed.
The troll bites you!
* * * LOW HITPOINT WARNING * * *
The troll misses you. The troll claws you!
You die...

####..#...........#
#...#.##...........
#...#.#............
#.).#.(...>........
#.................[
###..............[..#
##.....#..............
###..#.....#.........##.
###...##.@...##.......###.
#...####T....##...........
#.### #.....####.##..#...
#.# #####.####.........
#.##########........##.#..
#.........................
##############.##.>......#
###....#..........
#########.).####...##.....


You could see a troll.

Vanquished Creatures
  Sigmund (D:6)
  3 water moccasins
  A sky beast (D:5)
  A black bear (D:4)
  A phantom (D:5)
  2 scorpions (D:5)
  A howler monkey (D:4)
  A centaur zombie (D:6)
  A jelly (D:5)
  An orc priest (D:5)
  2 hounds
  A bullfrog skeleton (D:3)
  2 iguanas (D:5)
  An orc wizard (D:4)
  3 gnolls
  6 adders
  An ufetubus (D:5)
  6 worms
  4 dart slugs
  8 orcs
  3 ball pythons
  12 endoplasms
  A giant cockroach (D:1)
  5 goblins
  8 hobgoblins
  5 quokkas
  8 bats
  4 frilled lizards
  6 kobolds
  9 rats
108 creatures vanquished.

Vanquished Creatures (others)
  27 foxfires
  11 fulminant prisms
38 creatures vanquished.

Grand Total: 146 creatures vanquished

Notes
Turn   | Place    | Note
-------+----------+-------------------------------------------
     0 | D:1      | dranuc9 the Deep Elf Conjurer began the quest for the Orb.
     0 | D:1      | Reached XP level 1. HP: 10/10 MP: 6/6
   209 | D:1      | Reached XP level 2. HP: 15/15 MP: 5/8
   389 | D:1      | Reached skill level 5 in Conjurations
   610 | D:1      | Reached XP level 3. HP: 19/19 MP: 5/9
   646 | D:1      | Learned a level 2 spell: Searing Ray
  1316 | D:2      | Reached XP level 4. HP: 24/24 MP: 8/11
  1387 | D:2      | Found an iron altar of Okawaru.
  1407 | D:2      | Found Secigh's Jewellery Emporium.
  1711 | D:2      | Found a faded altar of an unknown god.
  1868 | D:3      | Reached skill level 6 in Conjurations
  1908 | D:3      | Found Efasigh's Distillery.
  2368 | D:3      | Reached XP level 5. HP: 28/28 MP: 8/13
  2626 | D:3      | Found Bavvoen's General Store.
  3026 | D:4      | Noticed a black bear
  3036 | D:4      | Learned a level 4 spell: Fulminant Prism
  3044 | D:4      | Killed a black bear
  3045 | D:4      | Reached XP level 6. HP: 32/32 MP: 3/15
  3328 | D:4      | Reached skill level 5 in Spellcasting
  3351 | D:4      | Reached skill level 7 in Conjurations
  4001 | D:5      | Entered Level 5 of the Dungeon
  4123 | D:5      | Reached skill level 1 in Hexes
  4249 | D:5      | Noticed a sky beast
  4257 | D:5      | Killed a sky beast
  4258 | D:5      | Reached skill level 1 in Fire Magic
  4258 | D:5      | Reached skill level 1 in Evocations
  4258 | D:5      | Reached XP level 7. HP: 36/36 MP: 7/17
  4322 | D:5      | Reached skill level 1 in Staves
  4393 | D:5      | Got the Tome of Companions and the Arsonist
  4443 | D:5      | Learned a level 1 spell: Foxfire
  5115 | D:5      | Found a staircase to the Ecumenical Temple.
  5218 | Temple   | Entered the Ecumenical Temple
  5723 | D:6      | Noticed Sigmund
  5750 | D:5      | Reached XP level 8. HP: 31/41 MP: 13/19
  5828 | D:6      | Reached skill level 8 in Conjurations
  6070 | D:6      | Killed Sigmund
  6077 | D:6      | Noticed a troll
  6602 | D:5      | Slain by a troll

Illustrated notes

Levels and vault maps discovered:
D:1:      sevenhm_arrival_forest_fort_small_6, layout_rooms
D:2:      layout_rooms, basic_altar, serial_shops, shop,
          shapermc_ecumenical_altar_mp_ritualfount, chequers_arboretum
D:3:      layout_loops_ring, serial_shops, nicolae_lakefront_shop,
          nicolae_shop_competitors_out_of_business
D:4:      layout_basic, kennysheep_generic_room_4
D:5:      layout_rooms, minmay_temple_entry_fiery
D:6:      layout_loops_ring, columned_hall_lemuel, uniq_sigmund
Temple:   kilobyte_greek_temple

Skill      XL: |  1  2  3  4  5  6  7  8 |
---------------+-------------------------+-----
Conjurations   | 5 6 7 8 |  8.2
Stealth        | 3 4 |  4.8
Spellcasting   | 4 5 6 |  6.5
Hexes          | 1 3 |  3.3
Dodging        | 3 |  3.8
Fire Magic     | 1 2 |  2.6
Evocations     | 1 2 |  2.1
Staves         | 1 2 |  2.2
Shields        | |  0.1

Action                   |  1- 3 |  4- 6 |  7- 9 || total
-------------------------+-------+-------+-------++-------
Melee: Staff             |       |     3 |       ||     3
Throw: Dart              |       |       |     1 ||     1
 Cast: Magic Dart        |    75 |    79 |    28 ||   182
       Searing Ray       |     4 |    15 |    18 ||    37
       Fulminant Prism   |       |     2 |     9 ||    11
       Foxfire           |       |       |    18 ||    18
Evoke: Wand              |       |       |     2 ||     2
  Use: Scroll            |       |     1 |       ||     1
Armor: Robe              |     2 |     1 |     7 ||    10
Dodge: Dodged            |     2 |     5 |    27 ||    34
Block: Other             |       |       |     6 ||     6
